 Dungeon Crawl Stone Soup version 0.30.0-17-ge0270778cf (webtiles) character file.

Game seed: 8019417555437871006

266 H0rd4k the Charlatan (level 6, 0/42 (44) HPs)
             Began as a Human Artificer on May 22, 2023.
             Slain by a necrophage (5 damage)
             ... in a sewer.
             The game lasted 00:04:26 (3138 turns).

H0rd4k the Charlatan (Human Artificer)              Turns: 3138, Time: 00:04:26

HP:   0/42 (44)     AC:  3    Str: 13    XL:     6   Next: 44%
MP:   6/6           EV: 12    Int: 16    God:
Gold: 174           SH:  0    Dex: 13    Spells: 5/5 levels left

rFire   . . .        f - +0 whip (freeze)
rCold   . . .        (no shield)
rNeg    . . .        b - +0 leather armour
rPois   .            (no helmet)
rElec   .            (no cloak)
rCorr   .            (no gloves)
SInv    .            (no boots)
Will    +....        (no amulet)
Stlth   ++           q - ring "Earthly Heaven" {Will+ Int+3}
HPRegen 0.27/turn    (no ring)
MPRegen 0.10/turn

%: no passive effects
@: lightly drained
A: no striking features
a: no special abilities


You were in a sewer.
You visited 1 branch of the dungeon, and saw 3 of its levels.
You also visited: Sewer.

You collected 174 gold pieces.

Inventory:

Hand Weapons
 f - a +0 whip of freezing (weapon)
Missiles
 j - 2 throwing nets
 o - 19 poisoned darts
Armour
 b - a +0 leather armour (worn)
 t - a +1 hat
Jewellery
 q - the ring "Earthly Heaven" (left hand) {Will+ Int+3}
   (You found it on level 3 of the Dungeon)

   [ring of willpower]

   Int:       It affects your intelligence (+3).
   Will:      It increases your willpower.
Wands
 d - a wand of charming (7)
 e - a wand of iceblast (5)
Scrolls
 g - a scroll of fear {unknown}
 h - 6 scrolls of identify {unknown}
 i - 2 scrolls of poison {unknown}
 k - a scroll of magic mapping {unknown}
 l - 2 scrolls of blinking {unknown}
 r - a scroll of enchant weapon {unknown}
 s - 2 scrolls of teleportation {unknown}
Potions
 a - a potion of invisibility {unknown}
 m - 2 potions of curing
 n - a potion of brilliance {unknown}
 p - a potion of magic {unknown}


   Skills:
 + Level 2.2 Fighting
 + Level 3.2 Maces & Flails
 - Level 2.0 Armour
 + Level 2.2 Dodging
 + Level 2.5 Stealth
 + Level 4.2 Evocations


You had 5 spell levels left.
You didn't know any spells.
Your spell library contained the following spells:

 Spells                   Type           Power      Damage    Failure   Level
 Kiss of Death            Conj/Necr      0%         2d5       32%         1
 Cigotuvi's Dreadful Rot  Necr/Pois/Air  0%         N/A       43%         2
 Confusing Touch          Hex            0%         N/A       67%         3
 Dispel Undead            Necr           0%         3d6       97%         4
 Death Channel            Necr           0%         N/A       100%        6


Dungeon Overview and Level Annotations

Branches:
Dungeon (3/15)              Sewer (1/1)

Altars:

Annotations:
Sewer Grinder


Message History

Grinder comes into view.
Found 2 glowing amethyst potions, a trident and a pink potion.
There is an open gate here.
The necrophage closely misses you. The kobold attacks as you move away!
The kobold misses you. The kobold attacks as you move away!
The kobold hits you with a +0 short sword.
The necrophage attacks as you move away!
The necrophage barely misses you.
The kobold throws a stone.
The stone hits you but does no damage.
The necrophage attacks as you move away!
The necrophage barely misses you.
The kobold throws a stone.
The stone barely misses you.
There is an open door here.
You see here a +0 short sword.
You hit the necrophage but do no damage.
The necrophage is severely damaged.
The necrophage hits you but does no damage.
You hit the necrophage but do no damage.
The necrophage is severely damaged.
You barely miss the necrophage.
The necrophage is severely damaged.
The necrophage hits you.
You closely miss the necrophage.
The necrophage is severely damaged.
The necrophage hits you.
You hit the necrophage.
The necrophage is severely damaged.
The necrophage hits you.
* * * LOW HITPOINT WARNING * * *
You closely miss the necrophage.
The necrophage is severely damaged.
The necrophage hits you.
* * * LOW HITPOINT WARNING * * *
Aiming: Charm
Press: ? - help, Shift-Dir - straight line, f - necrophage
Aim: a necrophage (severely damaged, chance to affect: 41%)
The necrophage resists with some effort.
The necrophage hits you.
You die...

#########.....######
#≈≈≈≈~≈#.)⌠.⌠..#≈≈≈≈
!K.....'.......'....
5......'.⌠._.⌠.'....
!K.....'.......'....
#≈~≈≈≈≈#...)...#≈≈~
##########.K.### ##
#############n#########
#≈~~#≈≈~≈≈~#.@.#≈≈≈≈≈≈#
#≈≈~.~.≈~~~.)...~~.~≈~#
#≈.~#).....#...#......#
#≈~~#'#######≈#######)#
#≈~~#......#≈≈≈#......#
#≈≈≈#~≈~...#≈≈≈#...~~~#
#≈≈≈#≈≈≈≈....≈...~≈~≈≈#
#≈≈~#≈≈≈≈~.#...#≈≈~≈≈≈#
#≈≈≈#≈≈≈≈≈≈≈...#≈~≈≈≈≈#


You could see a necrophage and a kobold.

Vanquished Creatures
  A phantom (D:3)
  A kobold brigand (Sewer)
  2 adders (D:2)
  A river rat (D:3)
  2 shadow imps (Sewer)
  An ufetubus (Sewer)
  A worm (D:3)
  3 dart slugs
  5 endoplasms
  5 giant cockroaches
  A goblin (D:1)
  3 hobgoblins
  4 jackals (D:3)
  15 kobolds
  2 quokkas (D:1)
  3 ball pythons
  5 bats
  5 frilled lizards
  A giant cockroach zombie (Sewer)
  2 kobold zombies (Sewer)
  11 rats
74 creatures vanquished.

Vanquished Creatures (collateral kills)
  An adder zombie (Sewer)
  An endoplasm (Sewer)
  2 kobolds (Sewer)
  A kobold zombie (Sewer)
5 creatures vanquished.

Vanquished Creatures (others)
  A river rat (D:3)
  A kobold (D:3)
2 creatures vanquished.

Grand Total: 81 creatures vanquished

Notes
Turn   | Place    | Note
-------+----------+-------------------------------------------
     0 | D:1      | H0rd4k the Human Artificer began the quest for the Orb.
     0 | D:1      | Reached XP level 1. HP: 15/15 MP: 1/1
   130 | D:1      | Reached XP level 2. HP: 9/21 MP: 2/2
   712 | D:1      | Reached XP level 3. HP: 26/26 MP: 3/3
  1143 | D:2      | Reached skill level 1 in Maces & Flails
  1348 | D:2      | Reached skill level 4 in Evocations
  1383 | D:2      | Identified the +5 whip of Zedwitink {heavy, rElec}
  1404 | D:2      | Reached XP level 4. HP: 23/32 MP: 4/4
  1648 | D:3      | Identified the ring "Earthly Heaven" {Will+ Int+3}
  1757 | D:3      | Noticed a phantom
  1815 | D:3      | Killed a phantom
  1816 | D:3      | Reached XP level 5. HP: 13/38 MP: 5/5
  2044 | D:3      | Found a glowing drain.
  2094 | Sewer    | Entered a sewer
  2481 | Sewer    | Reached XP level 6. HP: 9/44 MP: 6/6
  2611 | Sewer    | Found an ancient bone altar of Kikubaaqudgha.
  2640 | Sewer    | HP: 2/44 [kobold brigand/+0 short sword (9)]
  2914 | Sewer    | HP: 1/44 [kobold brigand/+0 short sword (7)]
  3125 | Sewer    | Noticed Grinder
  3138 | Sewer    | Slain by a necrophage

Illustrated notes

Levels and vault maps discovered:
D:1:      erik_arrival_orb_chamber, layout_basic, fountainhead,
          minmay_gold_behind_fungi, kennysheep_minor_cross, minmay_bisected
D:2:      layout_rooms
D:3:      wad_crossroads, layout_loops_ring,
          mainiacjoe_overflow_surrounded_room, portal_sewer_entry_e
Sewer:    kennysheep_sewer_church

Skill      XL: |  1  2  3  4  5  6 |
---------------+-------------------+-----
Maces & Flails | 1 2 3 |  3.2
Evocations     | 4 |  4.2
Stealth        | 2 |  2.5
Fighting       | 2 |  2.2
Dodging        | 2 |  2.2
Armour         | |  2.0

Action                     |  1- 3 |  4- 6 || total
---------------------------+-------+-------++-------
  Melee: Whip              |    89 |   229 ||   318
         Club              |    15 |       ||    15
         Punch             |       |     2 ||     2
  Evoke: Wand              |       |    23 ||    23
    Use: Potion            |       |     1 ||     1
   Stab: Sleeping          |     2 |     3 ||     5
         Distracted        |       |     1 ||     1
 Armour: Leather armour    |    26 |    48 ||    74
  Dodge: Dodged            |    54 |   134 ||   188
